 Dungeon Crawl Stone Soup version 0.30-a0-25-gacc37e2db0 (console) character file.

Game seed: 5048139943227194198

21 bgiannan the Trooper (level 3, 33/33 HPs)
             Began as a Meteoran Fighter on Aug 25, 2022.
             Quit the game on level 2 of the Dungeon.
             The game lasted 00:01:43 (581 turns).

bgiannan the Trooper (Meteoran Fighter)              Turns: 581, Time: 00:01:43

Health: 33/33      AC:  6    Str: 19    XL:     3   Next: 17%
Magic:  4/4        EV:  9    Int: 10    God:
Gold:   45         SH:  5    Dex: 13    Spells: 2/2 levels left

rFire   . . .      SeeInvis .    a - +0 flail
rCold   . . .      Faith    .    c - +0 buckler
rNeg    . . .      Spirit   .    b - +0 scale mail
rPois   .          Reflect  .    (no helmet)
rElec   .          Harm     .    (no cloak)
rCorr   .          Rampage  .    (no gloves)
Will    .....                    (no boots)
Stlth   ..........               (no amulet)
HPRegen 0.11/turn                (no ring)
MPRegen 0.09/turn                (no ring)

@: glowing
A: sense surroundings 1, otherworldly, glowing, explore regen
a: no special abilities


You were on level 2 of the Dungeon.
You visited 1 branch of the dungeon, and saw 2 of its levels.

You collected 45 gold pieces.

Inventory:

Hand Weapons
 a - a +0 flail (weapon)
Missiles
 h - a throwing net {=f, !d}
Armour
 b - a +0 scale mail (worn)
 c - a +0 buckler (worn)
Scrolls
 e - a scroll of teleportation {unknown}
 i - a scroll of acquirement {unknown}
 j - a scroll of magic mapping {unknown}
Potions
 d - a potion of might
 f - a potion of curing {unknown}
 g - a potion of berserk rage {unknown}


   Skills:
 + Level 3.9 Fighting
 + Level 3.6 Maces & Flails
 - Level 3.6 Armour
 - Level 3.6 Shields


You had 2 spell levels left.
You didn't know any spells.
Your spell library contained the following spells:

 Spells                   Type           Power      Damage    Failure   Level
 Apportation              Tloc           0%         N/A       82%         1
 Alistair's Intoxication  Tmut/Pois      0%         N/A       100%        5


Dungeon Overview and Level Annotations

Branches:
Dungeon (2/15) Zot: 606

Altars:

Shops:
D:2 =


Innate Abilities, Weirdness & Mutations

You passively map a small area around you.
You are easily found by Zot.
You glow in the dark.
You regain HP and MP as you explore.


Message History

Unknown command.
You sock the kobold!
You kill the kobold!
Things that are here:
a +0 short sword; a kobold corpse Unknown command.
Found a stone staircase leading down.
Health restored: 27 No target in view!
Found an escape hatch in the floor.
You see here a +0 buckler.
A kobold comes into view. It is wielding a +0 short sword.
The kobold shouts!
You start removing your armour.
You continue taking off your +0 scale mail.
The kobold throws a stone.
Keep disrobing? [Y]es or [N]o only, please.
Keep disrobing? [Y]es or [N]o only, please.
Keep disrobing? [Y]es or [N]o only, please.
Keep disrobing? [Y]es or [N]o only, please.
Keep disrobing?
You stop removing your armour.
The stone barely misses you.
A kobold is nearby!
A kobold is nearby!
You closely miss the kobold. The kobold hits you but does no damage.
You hit the kobold.
You kill the kobold!
Things that are here:
a +0 short sword; 2 stones A giant cockroach comes into view.
A giant cockroach is nearby!
The giant cockroach bites you but does no damage.
You hit the giant cockroach.
The giant cockroach completely misses you.
You block the giant cockroach's attack.
You hit the giant cockroach but do no damage.
The giant cockroach barely misses you.
You hit the giant cockroach.
You kill the giant cockroach!
You see here a giant cockroach corpse.
You are glowing.
Your movement speed is average.
Your attack delay is about 1.2.
There is an escape hatch in the floor here.
Found a stone staircase leading down.
An endoplasm comes into view.
The endoplasm quivers.
You hit the endoplasm but do no damage.
The endoplasm hits you but does no damage.
You block the endoplasm's attack.
You thump the endoplasm!
You kill the endoplasm!
You have reached level 3!
Your experience leads to an increase in your attributes!
Increase (s)trength, (i)ntelligence, or (d)exterity?
You feel stronger. x2; You feel clever.
Health restored: 33; MP restored: 4
There is a stone staircase leading down here.
A giant cockroach comes into view.
The giant cockroach waves its antennae.
The giant cockroach bites you but does no damage.
You hit the giant cockroach.
You kill the giant cockroach!
You see here a giant cockroach corpse.
A quokka comes into view.
The quokka closely misses you.
You thump the quokka!
You kill the quokka!
A giant cockroach comes into view.
You barely miss the giant cockroach.
The giant cockroach bites you but does no damage.
You closely miss the giant cockroach. The giant cockroach barely misses you.
The giant cockroach bites you but does no damage.
You barely miss the giant cockroach. The giant cockroach bites you.
You block the giant cockroach's attack.
You take 1 damage, and have 32/33 hp.
You hit the giant cockroach but do no damage.
The giant cockroach barely misses you.
You barely miss the giant cockroach. You block the giant cockroach's attack.
The giant cockroach closely misses you.
You closely miss the giant cockroach. The giant cockroach closely misses you.
The giant cockroach completely misses you.
You hit the giant cockroach.
You kill the giant cockroach!
Found a stone staircase leading down.
Health restored: 33 You now have 29 gold pieces (gained 3).
You have lingered too long.
Zot senses you.
Dive deeper or flee this branch before you suffer!
You see here a giant cockroach corpse.
Zot draws nearer.
Dive deeper or flee this branch before you suffer!
There is a stone staircase leading down here.
You climb downwards.
As you enter the new level, Zot loses track of you.
There is a stone staircase leading up here.
You now have 45 gold pieces (gained 16).
Found an escape hatch in the floor.
Found Puovor's Jewellery Shop.
A worm comes into view.
Found an escape hatch in the ceiling.
You see here 2 fuming dark potions.

· · · ░ · ·
∙∙∙∙∙∙∙∙∙∙∙∙▒
∙∙∙∙∙∙∙∙∙∙∙<∙∙∙▒
∙∙∙∙∙∙∙∙∙∙∙∙∙∙∙▒
∙∙∙▒∙▒∙∙∙∙∙∙∙∙∙▒
▒∙∙∙▒∙∙∙∙∙∙w∙∙▒
∙∙∙∙∙∙∙∙∙∙∙∙∙▒ ·
∙∙∙∙∙∙∙∙∙∙∙∙∙▒
░▒∙∙>∙∙@∙∙∙▒ · ░
░ ▒∙!∙∙∙∙∙∙▒▒
░░░ ░ ▒∙∙∙∙∙∙∙▒▒
· · ▒∙∙▒∙∩▒▒▒ ·
▒·▒▒▒▒▒▒∙∙▒▒∙▒
▒▒∙▒∙∙∙∙∙∙∙▒▒∙▒
·
∙∙∙∙∙▒▒▒▒∙▒∙∙∙▒
▒·▒▒∙∙∙∙∙∙∙▒▒▒
∙∙▒∙▒∙∙∙∙∙∙∙∙▒▒
· ▒∙∙∙∙∙∙∙∙∙∙∙∙▒
∙∙▒∙∙∙<∙∙∙∙∙∙▒


You could see a worm.

Vanquished Creatures
  2 endoplasms (D:1)
  3 giant cockroaches (D:1)
  2 hobgoblins (D:1)
  A quokka (D:1)
  A bat (D:1)
  2 frilled lizards (D:1)
  6 kobolds (D:1)
  2 rats (D:1)
19 creatures vanquished.

Notes
Turn   | Place    | Note
-------+----------+-------------------------------------------
     0 | D:1      | bgiannan the Meteoran Fighter began the quest for the Orb.
     0 | D:1      | Reached XP level 1. HP: 19/19 MP: 2/2
    25 | D:1      | Reached skill level 3 in Maces & Flails
    59 | D:1      | Reached XP level 2. HP: 26/26 MP: 3/3
   163 | D:1      | Found a faded altar of an unknown god.
   400 | D:1      | Reached XP level 3. HP: 33/33 MP: 4/4
   487 | D:1      | Glimpsed the power of Zot.
   537 | D:1      | Glimpsed the power of Zot.
   575 | D:2      | Found Puovor's Jewellery Shop.
   581 | D:2      | Quit the game

Illustrated notes

Levels and vault maps discovered:
D:1:      saegor_arrival_miasma, layout_loops_ring,
          ebering_ecumenical_altar_abandoned, minmay_misc_feat_rugged
D:2:      kennysheep_the_goblin_king, layout_rooms, serial_shops,
          nicolae_shop_stone, shop

Skill      XL: |  1 |
---------------+----+-----
Maces & Flails | 3 |  3.6
Fighting       | |  3.9
Armour         | |  3.6
Shields        | |  3.6

Action                   || total
-------------------------++-------
Melee: Flail             ||    49
Armor: Scale mail        ||    17
Dodge: Dodged            ||    18
Block: Buckler           ||    11

Table legend: (Time is in decaauts)
 A = Elapsed time spent in this place.
 B = Non-inter-level travel time spent in this place.
 C = Inter-level travel time spent in this place.
 D = Time resting spent in this place.
 E = Time spent auto-exploring this place.
 F = Levels seen in this place.
 G = Mean time per level.
                   A        B        C        D        E       F      G
               +--------+--------+--------+--------+--------+-----+--------+
         Total |    593 |    568 |     25 |      0 |    405 |   2 |  296.5 |
       Dungeon |    593 |    568 |     25 |      0 |    405 |   2 |  296.5 |
               +--------+--------+--------+--------+--------+-----+--------+

Top non-repeatable levels by time:
     D:1: 576 daAuts
     D:2: 16 daAuts

Table legend:
 A = Kills in this place as a percentage of kills in entire the game.
 B = Kills by you in this place as a percentage of kills by you in the entire game.
 C = Kills by friends in this place as a percentage of kills by friends in the entire game.
 D = Other kills in this place as a percentage of other kills in the entire game.
 E = Experience gained in this place as a percentage of experience gained in the entire game.
 F = Experience gained in this place divided by the number of levels of this place that you have seen.
                   A       B       C       D       E      F
               +-------+-------+-------+-------+-------+----------------------
         Total | 100.0 | 100.0 |   N/A |   N/A | 100.0 |  15.0
       Dungeon | 100.0 | 100.0 |   N/A |   N/A | 100.0 |  15.0
               +-------+-------+-------+-------+-------+----------------------
